 Dungeon Sprint DCSS version 0.16-a0-3643-g096a701 (webtiles) character file.

32194 BluebellGnoll the Sorcerer (level 13, -8/55 HPs)
             Began as a Spriggan Enchanter on Jan 16, 2015.
             Was the Champion of Vehumet.
             Mangled by a spriggan defender
             ... wielding a +1 flail of crushing
              (26 damage)
             ... in the Dungeon (Sprint IX: "|||||||||||||||||||||||||||||").
             The game lasted 00:42:09 (5382 turns).

BluebellGnoll the Sorcerer (Spriggan Enchanter)     Turns: 5382, Time: 00:42:09

Health: -8/55      AC:  4    Str:  7    XL:     13   Next: 30%
Magic:  5/41       EV: 34    Int: 24    God:    Vehumet [******]
Gold:   38         SH:  0    Dex: 17    Spells: 12 memorised, 15 levels left

rFire  . . .     SeeInvis +     o - +2 rapier (venom)
rCold  + . .     Clarity  .     I - +0 robe {rC+}
rNeg   . . .     SustAb   .     (shield restricted)
rPois  .         Gourm    .     (helmet restricted)
rElec  .         Spirit   .     K - +1 cloak
rCorr  .         Warding  .     (gloves unavailable)
rMut   .         NoTele   +     (boots unavailable)
MR     ++...                    (no amulet)
Stlth  +++++++++.               q - +3 ring of strength
                                p - +3 ring of intelligence

@: very quick, very resistant to hostile enchantments, incredibly stealthy
A: unfitting armour, see invisible, herbivore 3, speed 3, slow metabolism 2
a: Renounce Religion


You were in the Dungeon.
You worshipped Vehumet.
Vehumet was exalted by your worship.
You were not hungry.

You visited 1 branch You collected 1928 gold pieces.
You spent 1890 gold pieces at shops.

Inventory:

Hand weapons
 o - a +2 rapier of venom (weapon)
 H - a +5 quick blade
Armour
 I - a +0 robe of cold resistance (worn)
 J - a +0 swamp dragon armour
 K - a +1 cloak (worn)
Magical staves
 n - an uncursed staff of energy
Rods
 y - a +0 rod of shadows (9/9)
   (You bought it in a shop in the Dungeon)
Jewellery
 p - a +3 ring of intelligence (left hand)
 q - a +3 ring of strength (right hand)
 D - an uncursed ring of protection from cold
 E - an uncursed ring of protection from magic
 F - an uncursed ring of fire
 G - an uncursed ring of protection from magic
Magical devices
 m - a wand of cold (6)
Scrolls
 j - a scroll of blinking
 k - 8 scrolls of remove curse
 l - 2 scrolls of amnesia
 s - 4 scrolls of fog
 t - 3 scrolls of identify
 v - 2 scrolls of enchant armour
 x - a scroll of fear
Potions
 a - 5 potions of resistance
 b - a potion of restore abilities
 e - 10 potions of curing
 f - 7 potions of heal wounds
 g - a potion of invisibility
 h - 3 potions of magic
 i - a potion of berserk rage
 r - 2 potions of agility
 A - a potion of decay
 C - a potion of haste
Books
 c - a book of Maledictions

   Spells                             Type                      Level
   a - Corona                         Hexes                        1
   b - Sure Blade                     Hexes/Charms                 2
   c - Ensorcelled Hibernation        Hexes/Ice                    2
   d - Confuse                        Hexes                        3
   e - Dazzling Spray                 Conjuration/Hexes            3
   f - Enslavement                    Hexes                        4
Miscellaneous
 z - a lantern of shadows
Comestibles
 d - 13 bread rations
 w - 33 fruits


   Skills:
 - Level 6.1 Short Blades
 - Level 6.4 Armour
 - Level 19.0 Dodging
 - Level 21.4 Stealth
 - Level 23.0 Spellcasting
 + Level 9.6 Conjurations
 - Level 8.6 Hexes
 - Level 11.3 Air Magic


You had 15 spell levels left.
You knew the following spells:

 Your Spells              Type           Power        Failure   Level  Hunger
a - Corona                Hex            ######.      1%          1    None
b - Ensorcelled Hibernat  Hex/Ice        #####.       1%          2    None
c - Confuse               Hex            ######..     1%          3    None
d - Sure Blade            Hex/Chrm       #####.....   1%          2    None
e - Dazzling Spray        Conj/Hex       ######..     1%          3    None
f - Enslavement           Hex            ######..     1%          4    None
g - Force Lance           Conj/Tloc      ######..     1%          4    None
h - Conjure Flame         Conj/Fire      ######..     1%          3    None
i - Sticky Flame          Conj/Fire      ######..     1%          4    None
j - Bolt of Magma         Conj/Fire/Erth #####.....   4%          5    None
k - Bolt of Cold          Conj/Ice       ######....   9%          6    None
l - Poisonous Cloud       Conj/Pois/Air  ######....   4%          6    None


Dungeon Overview and Level Annotations

Branches:
Dungeon (1/1)

Altars:
Cheibriados
Dithmenos
Elyvilon
Fedhas
Gozag
Kikubaaqudgha
Makhleb
Nemelex Xobeh
Okawaru
Qazlal
Ru
Sif Muna
Trog
Vehumet
Xom
Yredelemnul
Zin
The Shining One
Beogh
Jiyva
Lugonu

Shops:
D *!!}


Innate Abilities, Weirdness & Mutations

You are tiny and cannot use many weapons and most armour.
You have supernaturally acute eyesight.
You are a herbivore.
You cover ground extremely quickly.
You need consume almost no food.


Message History

Aim: a spriggan defender, wielding a flail of crushing, wearing a robe and wearing a buckler (poison gas, severely wounded, poisoned)
The spriggan defender blocks the lance of force.
The spriggan defender is engulfed in poison gas.
Casting: Force Lance
Confirm with . or Enter, or press ? or * to list all spells.
Aiming: Force Lance
Press: ? - help, Shift-Dir - straight line, f/p - spriggan defender
Aim: a spriggan defender, wielding a flail of crushing, wearing a robe and wearing a buckler (poison gas, severely wounded, poisoned)
The spriggan defender blocks the lance of force.
The spriggan defender is engulfed in poison gas. x2
The spriggan defender hits you with a flail of crushing!!
Ouch! That really hurt!
Casting: Force Lance
Confirm with . or Enter, or press ? or * to list all spells.
Aiming: Force Lance
Press: ? - help, Shift-Dir - straight line, f/p - spriggan defender
Aim: a spriggan defender, wielding a flail of crushing, wearing a robe and wearing a buckler (poison gas, severely wounded, poisoned)
The spriggan defender blocks the lance of force.
The spriggan defender hits you with a flail of crushing!!
You die...

†▓.▓(▓.▓)▓†▓.▓.▓§▓
.▓.▓)▓.▓)▓.▓)▓.▓§▓
.▓.▓.▓.▓)▓.▓.▓.▓§▓
†▓.▓.▓.▓)▓.▓.▓.▓§▓
†▓.▓.▓.▓.▓.▓.▓.▓§▓
†▓.▓)▓.▓)▓.▓'▓.▓§▓
.▓.▓[▓.▓.▓.▓)▓.▓§▓
(▓.▓'▓.▓.▓.▓.▓.▓i▓
.▓.▓.▓.▓.▓.▓.▓.▓@▓
.▓.▓.▓.▓.▓.▓.▓.▓.▓
.▓.▓.▓.▓.▓.▓)▓.▓.▓
.▓.▓.▓.▓'▓.▓.▓)▓.▓
.▓.▓.▓.▓.▓.▓.▓.▓.▓
'▓.▓.▓.▓.▓.▓.▓.▓)▓
.▓.▓.▓.▓.▓.▓.▓.▓)▓
.▓.▓.▓.▓.▓.▓.▓.▓.▓
.▓.▓.▓.▓.▓)▓.▓.▓.▓


You could see a spriggan defender.

Vanquished Creatures
  A lich (D)
  A fire giant (D)
  A ghost moth (D)
  An emperor scorpion (D)
  An ettin (D)
  A merfolk javelineer (D)
  4 fire dragons (D)
  2 great orbs of eyes (D)
  2 anacondas (D)
  A naga warrior (D)
  3 centaur warriors (D)
  A merfolk avatar (D)
  A deep troll earth mage (D)
  A deep troll shaman (D)
  An alligator (D)
  A spriggan berserker (D)
  A shock serpent (D)
  A hell knight (D)
  Erolcha (D)
  A sea snake (D)
  A swamp dragon (D)
  A mana viper (D)
  3 wolf spiders (D)
  8 orc knights (D)
  A manticore (D)
  A salamander (D)
  Joseph (D)
  A water nymph (D)
  A gargoyle (D)
  A black mamba (D)
  3 spiny frogs (D)
  2 naga magi (D)
  2 torpor snails (D)
  A demonic crawler (D)
  A komodo dragon (D)
  2 merfolk (D)
  A slime creature (D)
  2 snapping turtles (D)
  A bog body (D)
  A basilisk (D)
  3 trapdoor spiders (D)
  A wraith (D)
  3 yaks (D)
  A hippogriff (D)
  6 wolves (D)
  A vampire mosquito (D)
  2 wargs (D)
  A mottled dragon (D)
  14 orc warriors (D)
  4 water moccasins (D)
  A sky beast (D)
  A spider (D)
  3 porcupines (D)
  An ice beast (D)
  A phantom (D)
  3 giant frogs (D)
  A crimson imp (D)
  A hound (D)
  4 orc priests (D)
  A jelly (D)
  5 orc wizards (D)
  2 river rats (D)
  3 adders (D)
  An ooze (D)
  8 orcs (D)
  A bat (D)
  A goblin (D)
  A hobgoblin (D)
  2 jackals (D)
  A kobold (D)
  A giant gecko (D)
  A giant spore (D)
  A rat (D)
  2 ballistomycetes (D)
  A plant (D)
146 creatures vanquished.

Vanquished Creatures (others)
  A deep elf conjurer (D)
  An orc warrior (D)
  A worker ant (D)
  An orc wizard (D)
  2 orcs (D)
  A ballistomycete (D)
  A fungus (D)
  A plant (D)
9 creatures vanquished.

Grand Total: 155 creatures vanquished

Notes
Turn   | Place    | Note
--------------------------------------------------------------
     0 | D        | BluebellGnoll, the Spriggan Enchanter, began the quest for the Orb.
     0 | D        | Reached XP level 1. HP: 9/9 MP: 4/4
     8 | D        | Reached skill level 5 in Stealth
    15 | D        | Reached skill level 6 in Stealth
    38 | D        | Reached skill level 7 in Stealth
   104 | D        | Noticed an ice beast
   104 | D        | Noticed a jelly
   106 | D        | Killed a jelly
   106 | D        | Reached skill level 10 in Stealth
   106 | D        | Reached XP level 2. HP: 13/13 MP: 7/7
   106 | D        | Reached XP level 3. HP: 16/16 MP: 9/9
   112 | D        | Killed an ice beast
   112 | D        | Reached skill level 14 in Stealth
   112 | D        | Reached XP level 4. HP: 21/21 MP: 12/12
   116 | D        | Found a glowing silver altar of Zin.
   116 | D        | Found a glowing golden altar of the Shining One.
   116 | D        | Found an ancient bone altar of Kikubaaqudgha.
   116 | D        | Found a basalt altar of Yredelemnul.
   116 | D        | Found a shimmering altar of Xom.
   116 | D        | Found a radiant altar of Vehumet.
   116 | D        | Found an iron altar of Okawaru.
   117 | D        | Found a burning altar of Makhleb.
   118 | D        | Found a deep blue altar of Sif Muna.
   119 | D        | Found a bloodstained altar of Trog.
   120 | D        | Found a sparkling altar of Nemelex Xobeh.
   121 | D        | Found a white marble altar of Elyvilon.
   122 | D        | Found a roughly hewn altar of Beogh.
   123 | D        | Found a viscous altar of Jiyva.
   124 | D        | Became a worshipper of Vehumet
   125 | D        | Found a corrupted altar of Lugonu.
   126 | D        | Found a blossoming altar of Fedhas.
   127 | D        | Found a snail-covered altar of Cheibriados.
   128 | D        | Found a shadowy altar of Dithmenos.
   129 | D        | Found a stormy altar of Qazlal.
   130 | D        | Found an opulent altar of Gozag.
   131 | D        | Found a sacrificial altar of Ru.
   163 | D        | Learned a level 2 spell: Ensorcelled Hibernation
   167 | D        | Learned a level 3 spell: Confuse
   170 | D        | Learned a level 2 spell: Sure Blade
   170 | D        | Noticed a phantom
   170 | D        | Noticed a worker ant
   170 | D        | Noticed a hound
   170 | D        | Noticed a yak
   177 | D        | Killed a yak
   177 | D        | Reached XP level 5. HP: 24/24 MP: 6/21
   179 | D        | Killed a hound
   179 | D        | Reached XP level 6. HP: 28/28 MP: 4/23
   187 | D        | Killed a worker ant
   221 | D        | Acquired Vehumet's first power
   221 | D        | Offered knowledge of Flame Tongue by Vehumet.
   234 | D        | Killed a phantom
   244 | D        | Learned a level 3 spell: Dazzling Spray
   249 | D        | Learned a level 4 spell: Enslavement
   350 | D        | Noticed a mottled dragon
   350 | D        | Noticed a centaur warrior
   350 | D        | Noticed a slime creature
   350 | D        | Noticed a centaur warrior
   350 | D        | Noticed a gargoyle
   350 | D        | Noticed an orc warrior
   362 | D        | Killed a gargoyle
   413 | D        | Killed an orc warrior
   413 | D        | Reached XP level 7. HP: 32/32 MP: 22/27
   431 | D        | Killed a centaur warrior
   431 | D        | Offered knowledge of Freeze by Vehumet.
   431 | D        | Reached skill level 15 in Dodging
   431 | D        | Reached XP level 8. HP: 36/36 MP: 22/28
   436 | D        | Killed a slime creature
   452 | D        | Killed a mottled dragon
   452 | D        | Reached skill level 16 in Dodging
   470 | D        | Killed a centaur warrior
   470 | D        | Reached skill level 19 in Dodging
   681 | D        | Noticed a porcupine
   681 | D        | Noticed a porcupine
   681 | D        | Noticed a yak
   681 | D        | Noticed a komodo dragon
   681 | D        | Noticed a hippogriff
   681 | D        | Noticed a giant frog
   683 | D        | Killed a giant frog
   683 | D        | Offered knowledge of Throw Frost by Vehumet.
   683 | D        | Acquired Vehumet's second power
   688 | D        | Killed a hippogriff
   688 | D        | Reached skill level 15 in Stealth
   688 | D        | Reached XP level 9. HP: 39/39 MP: 26/29
   693 | D        | Killed a komodo dragon
   699 | D        | Killed a yak
   699 | D        | Reached skill level 5 in Short Blades
   704 | D        | Killed a porcupine
   704 | D        | Acquired Vehumet's third power
   717 | D        | Noticed a porcupine
   723 | D        | Killed a porcupine
   727 | D        | Killed a porcupine
   729 | D        | Noticed a giant frog
   729 | D        | Noticed a water moccasin
   729 | D        | Noticed a yak
   729 | D        | Noticed a spiny frog
   737 | D        | Killed a spiny frog
   742 | D        | Killed a yak
   752 | D        | Killed a water moccasin
   754 | D        | Killed a giant frog
   765 | D        | Noticed a basilisk
   766 | D        | Noticed a water moccasin
   773 | D        | Killed a basilisk
   775 | D        | Killed a water moccasin
   777 | D        | Noticed a wolf
   777 | D        | Noticed a warg
   777 | D        | Noticed a wolf
   779 | D        | Noticed a wolf
   783 | D        | Noticed a wolf
   799 | D        | Killed a wolf
   799 | D        | Reached skill level 20 in Stealth
   804 | D        | Noticed a warg
   810 | D        | Killed a warg
   814 | D        | Noticed a wolf
   815 | D        | Killed a wolf
   815 | D        | Reached XP level 10. HP: 41/44 MP: 15/30
   823 | D        | Killed a wolf
   842 | D        | Killed a wolf
   842 | D        | Offered knowledge of Conjure Flame by Vehumet.
   847 | D        | Learned a level 3 spell: Conjure Flame
   914 | D        | Killed a warg
   914 | D        | Offered knowledge of Force Lance by Vehumet.
   914 | D        | Reached skill level 21 in Stealth
   917 | D        | Killed a wolf
   923 | D        | Learned a level 4 spell: Force Lance
   926 | D        | Noticed a wolf
   931 | D        | Killed a wolf
   931 | D        | Offered knowledge of Sticky Flame by Vehumet.
   931 | D        | Reached skill level 1 in Conjurations
   937 | D        | Learned a level 4 spell: Sticky Flame
  1164 | D        | Noticed an orc priest
  1164 | D        | Noticed an orc wizard
  1165 | D        | Noticed an orc wizard
  1172 | D        | Killed an orc wizard
  1176 | D        | Noticed an orc wizard
  1182 | D        | Killed an orc priest
  1189 | D        | Killed an orc wizard
  1193 | D        | Noticed an orc wizard
  1292 | D        | Killed an orc wizard
  1292 | D        | Reached skill level 10 in Spellcasting
  1301 | D        | Noticed an orc priest
  1305 | D        | Killed an orc wizard
  1541 | D        | Killed an orc priest
  1561 | D        | Noticed an orc warrior
  1561 | D        | Noticed an orc warrior
  1561 | D        | Noticed an orc warrior
  1561 | D        | Noticed an orc warrior
  1561 | D        | Noticed an orc wizard
  1561 | D        | Noticed an orc priest
  1568 | D        | Killed an orc warrior
  1568 | D        | Offered knowledge of Lee's Rapid Deconstruction by Vehumet.
  1570 | D        | Killed an orc priest
  1572 | D        | Noticed an orc priest
  1575 | D        | Killed an orc warrior
  1580 | D        | Noticed an orc warrior
  1582 | D        | Killed an orc warrior
  1585 | D        | Killed an orc wizard
  1588 | D        | Killed an orc warrior
  1592 | D        | Killed an orc priest
  1595 | D        | Noticed an orc warrior
  1596 | D        | Noticed an orc warrior
  1597 | D        | Noticed an orc knight
  1599 | D        | Killed an orc warrior
  1679 | D        | Killed an orc warrior
  1688 | D        | Killed an orc knight
  1695 | D        | Killed an orc warrior
  1749 | D        | Found Ciawk's Gadget Boutique.
  1749 | D        | Noticed an orc knight
  1749 | D        | Noticed an orc knight
  1749 | D        | Noticed an orc warrior
  1749 | D        | Noticed an orc knight
  1749 | D        | Noticed an orc warrior
  1749 | D        | Noticed an orc warrior
  1754 | D        | Noticed an orc knight
  1789 | D        | Killed an orc knight
  1789 | D        | Offered knowledge of Bolt of Magma by Vehumet.
  1796 | D        | Learned a level 5 spell: Bolt of Magma
  1838 | D        | Killed an orc warrior
  1867 | D        | Killed an orc knight
  1874 | D        | Killed an orc warrior
  1903 | D        | Killed an orc knight
  1903 | D        | Reached skill level 15 in Spellcasting
  1911 | D        | Killed an orc knight
  1952 | D        | Found Asaptupo's Distillery.
  1953 | D        | Noticed an orc warrior
  1954 | D        | Found Geesyj Struba's Distillery.
  1956 | D        | Found Efuga's General Store.
  1958 | D        | Noticed an orc knight
  1959 | D        | Killed an orc warrior
  1967 | D        | Killed an orc warrior
  1971 | D        | Noticed an orc knight
  1972 | D        | Noticed an orc warrior
  1973 | D        | Noticed an orc knight
  1975 | D        | Noticed an orc warrior
  1985 | D        | Killed an orc knight
  1989 | D        | Killed an orc knight
  1989 | D        | Reached XP level 11. HP: 35/47 MP: 36/36
  1994 | D        | Killed an orc knight
  1994 | D        | Offered knowledge of Bolt of Cold by Vehumet.
  2001 | D        | Killed an orc warrior
  2003 | D        | Killed an orc warrior
  2055 | D        | Learned a level 6 spell: Bolt of Cold
  2055 | D        | Bought a +0 rod of shadows (9/9) for 910 gold pieces
  2055 | D        | Bought a lantern of shadows for 260 gold pieces
  2057 | D        | Bought a potion of decay for 13 gold pieces
  2061 | D        | Bought a potion of might for 52 gold pieces
  2061 | D        | Bought a potion of curing for 39 gold pieces
  2065 | D        | Bought a scroll of identify for 22 gold pieces
  2065 | D        | Bought a scroll of remove curse for 33 gold pieces
  2065 | D        | Bought a scroll of fog for 22 gold pieces
  2065 | D        | Bought a potion of haste for 110 gold pieces
  2067 | D        | Bought a potion of heal wounds for 65 gold pieces
  2067 | D        | Bought a potion of curing for 39 gold pieces
  2067 | D        | Bought a potion of resistance for 130 gold pieces
  2067 | D        | Bought a potion of resistance for 130 gold pieces
  2067 | D        | Bought a potion of heal wounds for 65 gold pieces
  2088 | D        | Noticed Joseph
  2096 | D        | Killed Joseph
  2124 | D        | Noticed Erolcha
  2135 | D        | Killed Erolcha
  2253 | D        | Noticed a water moccasin
  2253 | D        | Noticed a crimson imp
  2253 | D        | Noticed a wraith
  2253 | D        | Noticed a sky beast
  2253 | D        | Noticed a giant frog
  2254 | D        | Noticed a vampire mosquito
  2255 | D        | Noticed a trapdoor spider
  2257 | D        | Killed a trapdoor spider
  2257 | D        | Reached skill level 1 in Armour
  2259 | D        | Killed a giant frog
  2261 | D        | Killed a sky beast
  2263 | D        | Noticed a deep elf conjurer
  2264 | D        | Noticed a great orb of eyes
  2268 | D        | Killed a wraith
  2268 | D        | Offered knowledge of Spellforged Servitor by Vehumet.
  2279 | D        | Killed a crimson imp
  2295 | D        | Killed a vampire mosquito
  2343 | D        | Killed a deep elf conjurer
  2352 | D        | Killed a water moccasin
  2375 | D        | Killed a great orb of eyes
  2375 | D        | Reached skill level 5 in Armour
  2512 | D        | Noticed an ettin
  2513 | D        | Noticed a fire dragon
  2514 | D        | Noticed a fire dragon
  2515 | D        | Noticed a lich
  2516 | D        | Noticed a centaur warrior
  2517 | D        | Noticed a trapdoor spider
  2523 | D        | Killed a trapdoor spider
  2534 | D        | Killed a fire dragon
  2534 | D        | Offered knowledge of Poisonous Cloud by Vehumet.
  2542 | D        | Learned a level 6 spell: Poisonous Cloud
  2547 | D        | Killed a fire dragon
  2549 | D        | Killed a lich
  2669 | D        | Killed a centaur warrior
  2678 | D        | Killed an ettin
  2999 | D        | Noticed a naga mage
  2999 | D        | Noticed a naga warrior
  2999 | D        | Noticed a naga mage
  2999 | D        | Noticed a shock serpent
  2999 | D        | Noticed an anaconda
  2999 | D        | Noticed a mana viper
  2999 | D        | Noticed a black mamba
  3000 | D        | Noticed an anaconda
  3001 | D        | Killed a black mamba
  3007 | D        | Killed an anaconda
  3035 | D        | Killed a shock serpent
  3037 | D        | Killed a mana viper
  3037 | D        | Offered knowledge of Ozocubu's Refrigeration by Vehumet.
  3037 | D        | Reached XP level 12. HP: 21/51 MP: 24/39
  3081 | D        | Killed a naga warrior
  3246 | D        | Killed a naga mage
  3259 | D        | Killed a naga mage
  3263 | D        | Killed an anaconda
  3309 | D        | Noticed a salamander
  3320 | D        | Killed a salamander
  3338 | D        | Noticed a manticore
  3338 | D        | Noticed a merfolk
  3338 | D        | Noticed a sea snake
  3338 | D        | Noticed a snapping turtle
  3338 | D        | Noticed a snapping turtle
  3338 | D        | Noticed a merfolk javelineer
  3338 | D        | Noticed a merfolk avatar
  3342 | D        | Killed a merfolk javelineer
  3342 | D        | Reached skill level 22 in Spellcasting
  3343 | D        | Killed a snapping turtle
  3344 | D        | Noticed a water nymph
  3346 | D        | Killed a merfolk avatar
  3346 | D        | Killed a sea snake
  3376 | D        | Killed a merfolk
  3376 | D        | Offered knowledge of Fire Storm by Vehumet.
  3376 | D        | Offered knowledge of Shatter by Vehumet.
  3376 | D        | Offered knowledge of Chain Lightning by Vehumet.
  3391 | D        | Killed a manticore
  3391 | D        | Reached skill level 23 in Spellcasting
  3492 | D        | Killed a water nymph
  3503 | D        | Killed a snapping turtle
  3503 | D        | Reached skill level 5 in Conjurations
  3507 | D        | Noticed a merfolk
  3516 | D        | Killed a merfolk
  3545 | D        | Noticed a ghost moth
  3545 | D        | Noticed a wolf spider
  3545 | D        | Noticed a spider
  3545 | D        | Noticed a wolf spider
  3545 | D        | Noticed a wolf spider
  3545 | D        | Noticed a torpor snail
  3545 | D        | Noticed a demonic crawler
  3558 | D        | Killed a demonic crawler
  3713 | D        | Noticed a trapdoor spider
  3718 | D        | Killed a torpor snail
  3726 | D        | Killed a wolf spider
  3833 | D        | Killed a wolf spider
  3979 | D        | Killed a trapdoor spider
  4019 | D        | Killed a wolf spider
  4021 | D        | Killed a spider
  4352 | D        | Killed a ghost moth
  4409 | D        | Noticed an emperor scorpion
  4551 | D        | Killed an emperor scorpion
  4567 | D        | Noticed a bog body
  4567 | D        | Noticed an alligator
  4567 | D        | Noticed a spiny frog
  4567 | D        | Noticed a water moccasin
  4568 | D        | Noticed a swamp dragon
  4573 | D        | Killed a water moccasin
  4573 | D        | Reached skill level 1 in Air Magic
  4573 | D        | Killed a spiny frog
  4580 | D        | Noticed a spiny frog
  4583 | D        | Killed an alligator
  4638 | D        | Killed a swamp dragon
  4661 | D        | Killed a bog body
  4661 | D        | Reached skill level 5 in Air Magic
  4665 | D        | Killed a spiny frog
  4784 | D        | Noticed a deep troll earth mage
  4784 | D        | Noticed a fire giant
  4784 | D        | Noticed a great orb of eyes
  4784 | D        | Noticed a deep troll shaman
  4784 | D        | Noticed a torpor snail
  4784 | D        | Noticed a fire dragon
  4784 | D        | Noticed a fire dragon
  4785 | D        | Noticed a hell knight
  4786 | D        | Killed a fire dragon
  4786 | D        | Reached XP level 13. HP: 55/55 MP: 41/41
  4787 | D        | Noticed a spriggan berserker
  4788 | D        | Noticed a spriggan defender
  4845 | D        | Killed a torpor snail
  5157 | D        | Killed a deep troll shaman
  5161 | D        | Killed a fire dragon
  5176 | D        | Paralysed by a great orb of eyes for 2 turns
  5190 | D        | Killed a great orb of eyes
  5246 | D        | Killed a fire giant
  5246 | D        | Reached skill level 10 in Air Magic
  5259 | D        | Killed a deep troll earth mage
  5278 | D        | Killed a hell knight
  5287 | D        | Killed a spriggan berserker
  5382 | D        | Mangled by a spriggan defender

Action                   |  1- 3 |  4- 6 |  7- 9 | 10-12 | 13-15 || total
-------------------------+-------+-------+-------+-------+-------++-------
Melee: Dagger            |    36 |    42 |    15 |       |       ||    93
       Rapier            |       |       |    32 |   121 |    34 ||   187
       Quick blade       |       |       |       |    86 |    11 ||    97
 Cast: Confuse           |       |     6 |     7 |    76 |    14 ||   103
       Ensorcelled Hiber |       |     3 |    19 |    37 |     1 ||    60
       Sure Blade        |       |       |       |     9 |       ||     9
       Dazzling Spray    |       |       |       |    17 |     5 ||    22
       Sticky Flame      |       |       |       |     1 |       ||     1
       Bolt of Magma     |       |       |       |    20 |     2 ||    22
       Force Lance       |       |       |       |       |    11 ||    11
       Poisonous Cloud   |       |       |       |       |     2 ||     2
Evoke: Wand              |       |       |       |     1 |       ||     1
       Rod               |       |       |       |     1 |       ||     1
  Use: Potion            |     1 |       |       |     2 |       ||     3
       Scroll            |       |       |       |     2 |     1 ||     3
 Stab: Sleeping          |     4 |     3 |    18 |    24 |     1 ||    50
       Confused          |       |     2 |     5 |    39 |     6 ||    52
       Distracted        |       |     1 |       |       |       ||     1
       Invisible         |       |       |       |     1 |     2 ||     3
  Eat: Fruit             |       |       |       |     7 |       ||     7
